 Dungeon Crawl Stone Soup version 0.29.1-12-g30fa7ad0bf (webtiles) character file.

Game seed: 10724146926647448791

11407 nachturnus the Severer (level 11, -3/90 HPs)
             Began as a Naga Fighter on Jan 14, 2023.
             Was a High Priest of Cheibriados.
             Slain by a thrashing horror (4 damage)
             ... on level 2 of the Abyss.
             The game lasted 00:31:03 (11759 turns).

nachturnus the Severer (Naga Fighter)              Turns: 11759, Time: 00:31:05

Health: -3/90      AC: 20    Str: 34    XL:     11   Next: 77%
Magic:  11/11      EV:  7    Int: 21    God:    Cheibriados [*****.]
Gold:   641        SH:  7    Dex: 25    Spells: 10/10 levels left

rFire   . . .      SeeInvis +   n - +3 war axe (flame)
rCold   . . .      Faith    .   c - +1 buckler
rNeg    . . .      Spirit   .   f - +6 chain mail of Coklaerruh {Str+2}
rPois   +          Reflect  .   (no helmet)
rElec   .          Harm     .   m - +2 cloak
rCorr   +          Rampage  .   (no gloves)
Will    +....                   (no barding)
Stlth   ..........              (no amulet)
HPRegen 0.00/turn               t - ring of resist corrosion
MPRegen 0.12/turn               (no ring)

@: sick, very slow
A: AC +3, large, see invisible, deformed body, poison resistance, slowness 2,
spit poison 1, naga tail 1
a: Spit Poison, Renounce Religion, Bend Time, Temporal Distortion, Slouch, Step
From Time


You were on level 2 of the Abyss.
You worshipped Cheibriados.
Cheibriados was extremely pleased with you.
You visited 2 branches of the dungeon, and saw 10 of its levels.
You visited the Abyss 2 times.

You collected 641 gold pieces.

Inventory:

Hand Weapons
 a - a +1 war axe of flaming
 n - a +3 war axe of flaming (weapon)
 w - the +2 scimitar "Atwit" {antimagic, rF+ Will+ Dex-2}
   (You found it on level 7 of the Dungeon)

   It reduces the magical energy of the wielder, and disrupts the spells and
   magical abilities of those it strikes.
   Natural abilities and divine invocations are not affected.
   Dex:       It affects your dexterity (-2).
   rF:        It protects you from fire.
   Will:      It increases your willpower.
Missiles
 s - 3 throwing nets
Armour
 c - a +1 buckler (worn)
 f - the +6 chain mail of Coklaerruh (worn) {Str+2}
   (You acquired it on level 2 of the Dungeon)

   Str:       It affects your strength (+2).
 m - a +2 cloak (worn)
 o - +0 swamp dragon scales
Jewellery
 t - a ring of resist corrosion (left hand)
 x - a ring of ice
Wands
 j - a wand of paralysis (16)
 l - a wand of acid (5)
 r - a wand of mindburst (15)
Scrolls
 g - 3 scrolls of teleportation
 h - a scroll of identify
 p - 4 scrolls of blinking
 q - 3 scrolls of fear
 v - a scroll of butterflies
Potions
 b - a potion of flight
 d - 4 potions of might
 e - a potion of brilliance {unknown}
 i - 3 potions of attraction
 z - a potion of magic {unknown}


   Skills:
 - Level 3.0 Fighting
 - Level 15.2 Axes
 + Level 9.0 Armour
 - Level 2.6 Shields


You had 10 spell levels left.
You didn't know any spells.
Your spell library contained the following spells:

 Spells                   Type           Power      Damage    Failure   Level
 Beastly Appendage        Tmut           0%         N/A       61%         1
 Sting                    Tmut/Pois      0%         1d3       61%         1
 Summon Small Mammal      Summ           0%         N/A       61%         1
 Ensorcelled Hibernation  Hex/Ice        0%         N/A       75%         2
 Passwall                 Tmut/Erth      0%         N/A       75%         2
 Poisonous Vapours        Pois/Air       0%         N/A       75%         2
 Wereblood                Tmut           0%         N/A       75%         2
 Call Canine Familiar     Summ           0%         N/A       93%         3
 Confusing Touch          Hex            0%         N/A       93%         3
 Conjure Flame            Conj/Fire      0%         6-21      93%         3
 Dazzling Flash           Conj/Hex       0%         N/A       93%         3
 Ignite Poison            Fire/Tmut/Pois 0%         N/A       93%         3
 Spider Form              Tmut/Pois      0%         N/A       93%         3
 Summon Guardian Golem    Hex/Summ       0%         N/A       93%         3
 Swiftness                Air            0%         N/A       93%         3
 Anguish                  Hex/Necr       0%         N/A       100%        4
 Fulminant Prism          Conj/Hex       0%         3d6       100%        4
 Iskenderun's Mystic Bla  Conj/Tloc      0%         2d3       100%        4
 Olgreb's Toxic Radiance  Pois           0%         N/A       100%        4
 Sticky Flame             Conj/Fire      0%         2d3       100%        4
 Iskenderun's Battlesphe  Conj           0%         2d6       100%        5
 Lee's Rapid Deconstruct  Erth           0%         3d5*      100%        5
 Yara's Violent Unravell  Hex/Tmut       0%         3d3       100%        5
 Iron Shot                Conj/Erth      0%         9d1       100%        6
 Starburst                Conj/Fire      0%         6d3       100%        6
 Enfeeble                 Hex            0%         N/A       100%        7
 Spellforged Servitor     Conj/Summ      0%         N/A       100%        7


Dungeon Overview and Level Annotations

Branches:
Dungeon (9/15)             Temple (0/1) D:4            Lair (1/5) D:9
    Orc: D:9-12

Altars:
Ashenzari
Cheibriados
Makhleb
Nemelex Xobeh
Sif Muna
Uskayaw
Wu Jian

Shops:
D:8 (*

Annotations:
D:5 1 runed translucent door, valliere's ghost, novice VSCj
Lair:1 Sonja


Innate Abilities, Weirdness & Mutations

Your serpentine skin is tough. (AC +3)
You have supernaturally acute eyesight. (SInv)
Armour fits poorly on your strangely shaped body.
Your system is resistant to poisons. (rPois)
You cover ground very slowly.
You can spit poison.
You have a snake-like lower body.


Message History

The thrashing horror tramples you but does no damage. x2
The small abomination hits you but does no damage.
The ancient zyme hits you.
* * * LOW HITPOINT WARNING * * *
The ancient zyme barely misses you.
You feel ill. The small abomination hits you.
* * * LOW HITPOINT WARNING * * *
The ancient zyme hits you but does no damage.
The ancient zyme hits you!
* * * LOW HITPOINT WARNING * * *
You hit the thrashing horror but do no damage.
You hit the ancient zyme. You burn the ancient zyme.
You slash the small abomination! You burn the small abomination.
The thrashing horror tramples you.
* * * LOW HITPOINT WARNING * * *
You hold your ground!
The thrashing horror tramples you but does no damage.
The small abomination hits you but does no damage.
You slash the small abomination! You burn the small abomination.
You destroy the small abomination!
Cheibriados thoroughly appreciates the change of pace.
You slash the ancient zyme! You burn the ancient zyme.
You block the ancient zyme's attack.
The ancient zyme hits you but does no damage.
The thrashing horror tramples you but does no damage. x2
Your Armour skill increases to level 9!
You slash the ancient zyme! You burn the ancient zyme.
The ancient zyme is severely damaged.
You hit the thrashing horror.
The thrashing horror tramples you but does no damage.
The thrashing horror barely misses you.
The ancient zyme hits you but does no damage.
You block the ancient zyme's attack.
You feel ill.
You hit the ancient zyme but do no damage.
The ancient zyme is severely damaged.
You slash the thrashing horror! You burn the thrashing horror.
You block the thrashing horror's attack.
The thrashing horror tramples you but does no damage.
The thrashing horror tramples you.
You die...

# .#. ## ... # #
.. .. ###.#
#.#####x.#
#..#.#@##..#
#...X..# ##
#.##..#.### #..
...# ##...#..#
## ## ##...#...
# .
##.......#...#..
. .# .#.... .#..
.# .# .. ## #
..# ..


You could see an ancient zyme and a thrashing horror.

Vanquished Creatures
  Fannar (Lair:1)
  Erolcha (D:9)
  Erica (D:8)
  2 two-headed ogres (D:8)
  Amaemon (D:8)
  Pikel (D:7)
  Maggie (D:6)
  Joseph (D:8)
  An orange demon (D:8)
  A komodo dragon (Lair:1)
  A raiju (Abyss:2)
  2 small abominations (Abyss:2)
  A vampire (D:8)
  16 yaks
  3 water moccasins
  Duvessa (D:6)
  2 orc warriors
  A black bear (D:7)
  4 centaurs
  An ogre (D:5)
  3 phantoms
  4 lemures (D:7)
  2 kobold brigands
  6 bullfrogs
  A gnoll sergeant (D:9)
  8 wights (D:8)
  Dowan (D:6)
  2 howler monkeys
  4 starcursed masses (Abyss:2)
  A jelly (D:8)
  2 orc priests (D:8)
  A gnoll bouda (D:4)
  2 iguanas (D:5)
  3 orc wizards
  Natasha (thrice) (D:2)
  15 gnolls
  10 adders
  2 shadow imps
  2 white imps
  An ufetubus (D:6)
  2 worms
  2 dart slugs
  36 orcs
  7 ball pythons
  7 endoplasms
  2 giant cockroaches
  4 goblins
  8 hobgoblins
  2 jackals (D:1)
  13 kobolds
  4 quokkas
  6 bats
  3 frilled lizards
  5 rats
217 creatures vanquished.

Vanquished Creatures (others)
  2 plants (Lair:1)
2 creatures vanquished.

Grand Total: 219 creatures vanquished

Notes
Turn   | Place    | Note
-------+----------+-------------------------------------------
     0 | D:1      | nachturnus the Naga Fighter began the quest for the Orb.
     0 | D:1      | Reached XP level 1. HP: 21/21 MP: 1/1
   201 | D:1      | Reached XP level 2. HP: 26/28 MP: 2/2
   331 | D:1      | Reached skill level 3 in Axes
   619 | D:1      | Reached XP level 3. HP: 34/34 MP: 3/3
  1335 | D:2      | Noticed Natasha
  1340 | D:2      | Killed Natasha
  1341 | D:2      | Reached skill level 4 in Axes
  1341 | D:2      | Reached XP level 4. HP: 37/42 MP: 4/4
  1608 | D:2      | Noticed Natasha
  1615 | D:2      | Killed Natasha
  1627 | D:2      | Noticed Natasha
  1635 | D:2      | Killed Natasha
  1636 | D:2      | Reached skill level 5 in Axes
  1766 | D:2      | Reached XP level 5. HP: 44/49 MP: 5/5
  2097 | D:2      | Identified a scroll of acquirement
  2097 | D:2      | Acquired the +6 chain mail of Coklaerruh {Str+2}
  2176 | D:3      | Found a faded altar of an unknown god.
  2714 | D:3      | Reached skill level 6 in Axes
  2772 | D:3      | Found a snail-covered altar of Cheibriados.
  2793 | D:3      | Reached XP level 6. HP: 56/56 MP: 6/6
  2796 | D:3      | Became a worshipper of Cheibriados the Contemplative
  3575 | D:4      | Reached * piety under Cheibriados
  4251 | D:4      | Found a staircase to the Ecumenical Temple.
  4391 | D:4      | Found a broken altar of Ashenzari.
  4428 | D:4      | Noticed a +0 short sword
  4428 | D:4      | Noticed a +0 spear
  4429 | D:4      | Noticed a +0 short sword
  4429 | D:4      | Noticed a +0 dagger
  4429 | D:4      | Noticed a +0 spear
  4430 | D:4      | Noticed a +0 falchion
  4431 | D:4      | Noticed a +0 dagger
  4431 | D:4      | Noticed a +0 falchion
  4435 | D:4      | Found a hide-covered altar of Uskayaw.
  4440 | D:4      | Found a shimmering blue altar of Sif Muna.
  4710 | D:5      | Entered Level 5 of the Dungeon
  4722 | D:5      | Found a burning altar of Makhleb.
  4728 | D:5      | Found a runed translucent door.
  4736 | D:5      | Noticed valliere's ghost (novice VSCj)
  4770 | D:5      | Reached skill level 7 in Axes
  4905 | D:5      | Reached XP level 7. HP: 53/62 MP: 7/7
  4974 | D:5      | Found an ornate altar of the Wu Jian Council.
  5155 | D:5      | Found a sparkling altar of Nemelex Xobeh.
  5168 | D:5      | Reached ** piety under Cheibriados
  5169 | D:5      | Reached skill level 8 in Axes
  5834 | D:6      | Reached skill level 9 in Axes
  5834 | D:6      | Reached XP level 8. HP: 44/69 MP: 8/8
  6128 | D:6      | Noticed Maggie
  6154 | D:6      | Killed Maggie
  6155 | D:6      | Reached skill level 10 in Axes
  6396 | D:6      | Noticed Dowan
  6396 | D:6      | Noticed Duvessa
  6403 | D:6      | Killed Duvessa
  6414 | D:6      | Killed Dowan
  6414 | D:6      | Reached *** piety under Cheibriados
  6663 | D:7      | Noticed Pikel
  6683 | D:7      | Killed Pikel
  6684 | D:7      | Reached skill level 11 in Axes
  6684 | D:7      | Reached XP level 9. HP: 21/75 MP: 9/9
  6950 | D:7      | Reached skill level 12 in Axes
  6971 | D:7      | Identified the +2 scimitar "Atwit" {antimagic, rF+ Will+
                  | Dex-2}
  8012 | D:8      | Noticed a two-headed ogre
  8023 | D:8      | Reached skill level 13 in Axes
  8024 | D:8      | Killed a two-headed ogre
  8025 | D:8      | Reached XP level 10. HP: 46/84 MP: 10/10
  8215 | D:8      | Found Iheem's Weapon Shoppe.
  8317 | D:8      | Reached skill level 14 in Axes
  8455 | D:8      | Reached **** piety under Cheibriados
  8656 | D:8      | Noticed Amaemon
  8658 | D:8      | Found Naukhojag's Changing Room.
  8658 | D:8      | Noticed an orange demon
  8676 | D:8      | Killed Amaemon
  8678 | D:8      | Noticed Erica
  8684 | D:8      | Killed an orange demon
  8875 | D:8      | Killed Erica
  8876 | D:8      | Reached skill level 15 in Axes
  9221 | D:8      | Noticed a two-headed ogre
  9231 | D:8      | Killed a two-headed ogre
  9643 | D:8      | Noticed Joseph
  9655 | D:8      | Killed Joseph
  9950 | D:8      | Reached skill level 5 in Armour
 10069 | D:8      | Reached XP level 11. HP: 73/90 MP: 11/11
 10124 | D:9      | Noticed Erolcha
 10430 | D:9      | Killed Erolcha
 10502 | D:9      | Found a staircase to the Lair.
 10667 | Lair:1   | Entered Level 1 of the Lair of Beasts
 10676 | Lair:1   | Reached ***** piety under Cheibriados
 10907 | Lair:1   | Noticed Fannar
 10927 | Lair:1   | Killed Fannar
 11474 | Lair:1   | Identified the +0 ring mail of Qiqex {rPois Regen+}
 11573 | Lair:1   | Noticed Sonja
 11580 | Abyss:2  | Cast into level 2 of the Abyss (Sonja)
 11593 | Abyss:2  | Noticed a rakshasa
 11606 | Lair:1   | Escaped the Abyss
 11620 | Abyss:2  | Cast into level 2 of the Abyss (Sonja)
 11680 | Abyss:2  | Noticed a starcursed mass
 11752 | Abyss:2  | Noticed a thrashing horror
 11755 | Abyss:2  | HP: 2/90 [ancient zyme (10)]
 11759 | Abyss:2  | Slain by a thrashing horror

Illustrated notes

Levels and vault maps discovered:
D:1:      lightli_arrival_farm, layout_loops_ring,
          nicolae_concentric_dashed_squares_mild
D:2:      layout_loops_cross, uniq_natasha
D:3:      layout_basic, cheibrodos_worm_habitat, ebering_ecumenical_altar_ruins
D:4:      nicolae_cairo_tiling_very_big, layout_basic, lemuel_crystal_altar,
          nicolae_uskayaw_en_pointe, led_sif_pool, minmay_temple_entry_overgrown
D:5:      layout_cave_pools, nemelex_dance_club_becter, bloody_makhleb,
          nzn_wu_jian_council_hall, ebering_ghost_sewer_d
D:6:      hellmonk_ruined_rings, layout_loops_cross, uniq_duvessa, uniq_maggie
D:7:      layout_basic, hangedman_decor_peaks_small, minmay_checkerbox,
          uniq_pikel
D:8:      layout_basic, serial_shops, nicolae_shop_advertising_works
          [nicolae_subvault_shop_adworks], nicolae_transmutations_shop,
          uniq_erica, uniq_amaemon, uniq_joseph
D:9:      layout_cross, lair_entry_dummy, uniq_erolcha
Lair:1:   layout_long_grid, gauntlet_entry_generic, minivault_11, uniq_sonja,
          uniq_fannar
Abyss:2:  base: D:5, bh_abyss_xom_lugonu_altar, base:
D:9

Skill      XL: |  1  2  3  4  5  6  7  8  9 10 11 |
---------------+----------------------------------+-----
Axes           | 3 4 5 6 7 9 11 13 15 | 15.2
Armour         | 5 9 |  9.0
Fighting       | |  3.0
Shields        | |  2.6

Action                   |  1- 3 |  4- 6 |  7- 9 | 10-12 || total
-------------------------+-------+-------+-------+-------++-------
Melee: War axe           |    86 |   191 |   177 |   226 ||   680
  Use: Scroll            |       |    16 |     7 |     1 ||    24
       Potion            |       |     3 |     3 |    11 ||    17
Armor: Scale mail        |    44 |    15 |       |       ||    59
       Chain mail        |       |    89 |   123 |   145 ||   357
       Skin              |       |       |       |     2 ||     2
Dodge: Dodged            |    29 |    50 |    67 |    61 ||   207
Block: Buckler           |    21 |    56 |    56 |    90 ||   223
